 Dungeon Crawl Stone Soup version 0.29-a0-559-g359e09b9d1 (webtiles) character file.

Game seed: 4805436265403689638

50640 Pelinal the Brawler (level 14, -19/115 HPs)
             Began as a Troll Cinder Acolyte on June 9, 2022.
             Was an Initiate of Ignis.
             Demolished by an acid blob (28 damage)
             ... on level 1 of the Pits of Slime.
             The game lasted 00:35:31 (15128 turns).

Pelinal the Brawler (Troll Cinder Acolyte)         Turns: 15128, Time: 00:35:32

Health: -19/115    AC:  4    Str: 25    XL:     14   Next: 20%
Magic:  14/14      EV: 12    Int: 10    God:    Ignis [......]
Gold:   1437       SH:  0    Dex:  9    Spells: 15/15 levels left

rFire   + . .      SeeInvis .     - Unarmed
rCold   + . .      Faith    .   (no shield)
rNeg    . . .      Spirit   .   q - +3 troll leather armour {Snorg}
rPois   .          Reflect  .   (helmet restricted)
rElec   .          Harm     .   (no cloak)
rCorr   .          Rampage  .   (gloves unavailable)
Will    ++...                   (boots unavailable)
Stlth   +.........              w - amulet of the acrobat
HPRegen 1.89/turn               N - ring "Axaweaqi" {rC+ Will+}
MPRegen 0.14/turn               G - +4 ring of protection

@: mighty, corroded, fiery-armoured
A: large, unfitting armour, claws 3, regeneration 1, shaggy fur 1, tough skin 1,
antennae 1, frail 2, subdued magic 1
a: Renounce Religion, Rising Flame


You were on level 1 of the Pits of Slime.
You worshipped Ignis.
Ignis was noncommittal.
You visited 4 branches of the dungeon, and saw 19 of its levels.
You also visited: Bailey.

You collected 1437 gold pieces.

Inventory:

Missiles
 k - 7 atropa-tipped darts
 s - 63 poisoned darts (quivered)
 A - 5 curare-tipped darts
 C - 13 boomerangs of dispersal
 E - 2 throwing nets
Armour
 q - a +3 troll leather armour (worn) {Snorg}
Jewellery
 a - a ring of willpower
 u - an amulet of reflection
 w - an amulet of the acrobat (around neck)
 x - a ring of positive energy
 B - a +6 ring of intelligence
 G - a +4 ring of protection (right claw)
 N - the ring "Axaweaqi" (left claw) {rC+ Will+}
   (You found it on level 3 of the Lair of Beasts)

   [ring of willpower]

   rC:        It protects you from cold.
   Will:      It increases your willpower.
 O - a ring of magical power
 P - an amulet of guardian spirit
 S - a +6 ring of intelligence
Wands
 t - a wand of paralysis (2)
 F - a wand of polymorph (9)
 K - a wand of flame (4)
 Q - a wand of acid (4)
 T - a wand of digging (4)
Scrolls
 e - 3 scrolls of brand weapon
 g - 3 scrolls of fear
 j - a scroll of blinking
 m - 6 scrolls of teleportation
 n - 3 scrolls of amnesia
 p - 2 scrolls of summoning {unknown}
 r - a scroll of silence {unknown}
 v - a scroll of torment
 y - a scroll of acquirement {unknown}
 z - 2 scrolls of fog
 D - 3 scrolls of enchant armour {unknown}
 H - 4 scrolls of enchant weapon
Potions
 b - 4 potions of lignification
 c - a potion of ambrosia
 d - 3 potions of heal wounds
 f - 3 potions of flight
 h - a potion of degeneration {unknown}
 i - 9 potions of curing
 o - 2 potions of magic
 J - a potion of brilliance {unknown}
 L - 2 potions of mutation {unknown}
 M - 3 potions of attraction
 R - a potion of cancellation {unknown}
Miscellaneous
 I - a tin of tremorstones (inert)


   Skills:
 + Level 10.9 Fighting
 - Level 6.0 Throwing
 + Level 10.5 Dodging
 + Level 15.8 Unarmed Combat
 - Level 1.0 Spellcasting
 - Level 2.1 Fire Magic
 - Level 5.0 Evocations


You had 15 spell levels left.
You didn't know any spells.
Your spell library contained the following spells:

 Spells                   Type           Power      Damage    Failure   Level
 Scorch                   Fire           6%         2d5       21%         2
 Freeze                   Ice            0%         1d3       32%         1
 Magic Dart               Conj           0%         1d3       32%         1
 Poisonous Vapours        Pois/Air       0%         N/A       47%         2
 Searing Ray              Conj           0%         2d4       47%         2
 Static Discharge         Conj/Air       0%         N/A       47%         2
 Sublimation of Blood     Necr           0%         N/A       47%         2
 Inner Flame              Hex/Fire       2%         N/A       54%         3
 Frozen Ramparts          Ice            0%         1d2       71%         3
 Gell's Gravitas          Tloc           0%         N/A       71%         3
 Lesser Beckoning         Tloc           0%         N/A       71%         3
 Ozocubu's Armour         Ice            0%         N/A       71%         3
 Summon Guardian Golem    Hex/Summ       0%         N/A       71%         3
 Teleport Other           Tloc           0%         N/A       71%         3
 Sticky Flame             Conj/Fire      2%         2d3       92%         4
 Cause Fear               Hex            0%         N/A       98%         4
 Corpse Rot               Necr/Pois/Air  0%         N/A       98%         4
 Dispel Undead            Necr           0%         3d6       98%         4
 Fulminant Prism          Conj/Hex       0%         3d6       98%         4
 Hailstorm                Conj/Ice       0%         3d3       98%         4
 Petrify                  Tmut/Erth      0%         N/A       98%         4
 Summon Ice Beast         Ice/Summ       0%         N/A       98%         4
 Irradiate                Conj/Tmut      0%         3d13      100%        5
 Summon Mana Viper        Hex/Summ       0%         N/A       100%        5
 Dragon Form              Tmut           0%         N/A       100%        7
 Monstrous Menagerie      Summ           0%         N/A       100%        7
 Orb of Destruction       Conj           0%         9d5       100%        7
 Ozocubu's Refrigeration  Ice            0%         4d5       100%        7
 Spellforged Servitor     Conj/Summ      0%         N/A       100%        7
 Discord                  Hex            0%         N/A       100%        8
 Dragon's Call            Summ           0%         N/A       100%        9


Dungeon Overview and Level Annotations

Branches:
Dungeon (11/15)            Temple (1/1) D:7            Lair (6/6) D:10
 Shoals (0/4) Lair:4        Snake (0/4) Lair:4        Slime (1/5) Lair:5
    Orc (0/2) D:11         Bailey (visited)

Altars:
Ashenzari
Dithmenos
Elyvilon
Fedhas
Gozag
Makhleb
Okawaru
Sif Muna
Trog
Vehumet
Wu Jian
Xom
Zin

Shops:
D:8 [

Portals:
Hell: Lair:6

Annotations:
D:8 5 runed translucent doors, NateTC's ghost, novice HOMo
D:9 2 transporters, Foxy's ghost, novice TrGl
Lair:3 2 transporters, Foxy's ghost, journeyman TrBr
Lair:5 2 transporters
Lair:6 1 runed translucent door, freelancePsychic's ghost, journeyman FoEE


Innate Abilities, Weirdness & Mutations

You are too large for most types of armour.
You have claws for hands.
Your natural rate of healing is unusually fast.
You are covered in fur. (AC +1)
You have tough skin. (AC +1)
You have a pair of small antennae on your head.
You are very frail. (-20% HP)
Your spells are a little easier to cast, but a little less powerful.


Message History

A rockslime comes into view.
The acid blob hits you. The acid corrodes you!
You are splashed with acid!
The acid blob is burned by your cloak of flames.
The acid blob is lightly wounded.
The shining eye pulsates ominously.
Unknown command.
You barely miss the acid blob.
You claw the acid blob, but do no damage.
The acid blob is lightly wounded.
The rockslime jiggles.
An acid blob comes into view.
The acid blob hits you.
You are splashed with acid!
The acid blob is burned by your cloak of flames.
The acid blob is lightly wounded.
The acid blob hits you!
You are splashed with acid!
The acid blob is burned by your cloak of flames.
The acid blob is lightly wounded.
The slime creature hits you.
The slime creature is burned by your cloak of flames.
The slime creature is lightly wounded.
The slime creature barely misses you.
Unknown command.
You mangle the acid blob!!
Your claws burn!
The acid blob is moderately wounded.
The acid blob misses you. The acid blob hits you!!
* * * LOW HITPOINT WARNING * * *
You are splashed with acid!
* * * LOW HITPOINT WARNING * * *
The acid blob is burned by your cloak of flames.
The acid blob is moderately wounded.
The slime creature barely misses you. The slime creature closely misses you.
Unknown command.
Unknown command.
You barely miss the acid blob. You claw the acid blob!
The acid blob is heavily wounded.
The acid blob spits acid at you. The splash of acid hits you!
* * * LOW HITPOINT WARNING * * *
The acid corrodes you! The acid blob hits you!!
You die...

#............ ##
#............ ##..
............
....##.......J...
.#.............#..
...................
...................
.........J@..........
#........JJJ>.......#
#.................#
...#................#
......JG....#......#
..#..#............###
#...................
#...........<........
#....................


You could see 3 acid blobs, 2 slime creatures, a rockslime and a shining eye.

Vanquished Creatures
  A dire elephant (Lair:6)
  Nessos (Lair:4)
  Snorg (Lair:4)
  Josephine (Lair:4)
  4 hydras
  2 boulder beetles
  2 two-headed ogres
  A death yak (D:10)
  Amaemon (Lair:1)
  A sun demon (Lair:6)
  A wizard (Lair:6)
  Pikel (D:4)
  An oklob plant (Lair:6)
  A cyclops (D:11)
  3 black mambas
  3 orange demons
  A gargoyle (D:11)
  11 cane toads
  7 rime drakes
  An unseen horror (D:11)
  Psyche (D:10)
  A hellwing (Lair:6)
  An ice devil (Lair:6)
  2 red devils (Lair:6)
  10 komodo dragons
  A troll (D:11)
  5 polar bears
  A hornet (D:8)
  8 dream sheep (Lair:6)
  Grinder (D:4)
  2 slime creatures (Lair:5)
  18 blink frogs
  5 wraiths
  3 wyverns
  70 yaks
  A vampire (D:11)
  Eustachio (D:4)
  2 steam dragons
  6 basilisks
  2 vampire mosquitoes (D:10)
  A naga (Lair:4)
  12 water moccasins
  5 hell hounds (Lair:6)
  3 ice beasts
  2 sky beasts (D:8)
  4 black bears
  9 orc warriors
  9 wolves
  4 boggarts (Lair:4)
  9 ogres
  6 centaurs
  2 phantoms
  A lemure (D:4)
  10 kobold brigands
  11 bullfrogs
  5 gnoll sergeants
  2 scorpions
  6 killer bees (D:11)
  3 howler monkeys (D:9)
  3 jellies
  A gnoll shaman (D:7)
  6 orc priests
  3 iguanas
  8 orc wizards
  Natasha (twice) (D:4)
  3 hell rats
  19 gnolls
  7 adders
  A shadow imp (D:5)
  2 white imps (D:6)
  An ufetubus (D:4)
  A worm (D:2)
  A dart slug (D:4)
  30 orcs
  5 endoplasms
  4 giant cockroaches
  6 goblins
  7 hobgoblins
  3 jackals (D:1)
  4 quokkas
  3 ball pythons
  5 bats
  4 frilled lizards
  31 kobolds
  2 rats
452 creatures vanquished.

Vanquished Creatures (collateral kills)
  A foxfire (Lair:4)
1 creature vanquished.

Vanquished Creatures (others)
  36 foxfires
  41 fungi
  56 plants
133 creatures vanquished.

Grand Total: 586 creatures vanquished

Notes
Turn   | Place    | Note
-------+----------+-------------------------------------------
     0 | D:1      | Pelinal the Troll Cinder Acolyte began the quest for the
                  | Orb.
     0 | D:1      | Reached XP level 1. HP: 22/22 MP: 1/1
    76 | D:1      | Reached XP level 2. HP: 29/29 MP: 2/2
   500 | D:2      | Reached skill level 4 in Unarmed Combat
   705 | D:2      | Reached XP level 3. HP: 19/36 MP: 3/3
   765 | D:2      | Found a broken altar of Ashenzari.
   791 | D:2      | Found a faded altar of an unknown god.
  1108 | D:3      | Reached XP level 4. HP: 41/44 MP: 4/4
  1147 | D:3      | Reached skill level 5 in Unarmed Combat
  1194 | D:3      | Found an ornate altar of the Wu Jian Council.
  1639 | D:4      | Noticed Grinder
  1658 | D:4      | Killed Grinder
  1659 | D:4      | Reached skill level 6 in Unarmed Combat
  1659 | D:4      | Reached XP level 5. HP: 34/50 MP: 5/5
  1659 | D:4      | Reached XP level 6. HP: 40/59 MP: 6/6
  1690 | D:4      | Noticed Pikel
  1715 | D:4      | Killed Pikel
  1716 | D:4      | Reached skill level 8 in Unarmed Combat
  1716 | D:4      | Reached XP level 7. HP: 47/66 MP: 7/7
  1758 | D:4      | Noticed Natasha
  1761 | D:4      | Reached skill level 9 in Unarmed Combat
  1769 | D:4      | Killed Natasha
  1921 | D:4      | You fall into a shaft and drop 2 floors!
  1956 | D:6      | Reached XP level 8. HP: 42/74 MP: 8/8
  2027 | D:5      | Entered Level 5 of the Dungeon
  2047 | D:5      | Found a shimmering altar of Xom.
  2047 | D:5      | Found a broken altar of Ashenzari.
  2059 | D:5      | Reached skill level 10 in Unarmed Combat
  2224 | D:4      | Noticed Eustachio
  2237 | D:4      | Killed Eustachio
  2483 | D:4      | Noticed Natasha
  2504 | D:4      | Killed Natasha
  2700 | D:5      | Reached skill level 1 in Evocations
  3410 | D:6      | Reached XP level 9. HP: 52/80 MP: 9/9
  3469 | D:6      | Reached skill level 5 in Throwing
  4289 | D:7      | Reached skill level 5 in Evocations
  4302 | D:7      | Reached skill level 1 in Dodging
  4412 | D:7      | Reached XP level 10. HP: 88/91 MP: 10/10
  4621 | D:7      | Found a staircase to the Ecumenical Temple.
  4654 | Temple   | Entered the Ecumenical Temple
  5028 | D:8      | Found Kebiy's Antique Armour Emporium.
  5212 | D:8      | Reached skill level 11 in Unarmed Combat
  5234 | D:8      | Noticed a two-headed ogre
  5268 | D:8      | Killed a two-headed ogre
  5311 | D:8      | Found a huge runed translucent gate.
  5313 | D:8      | Found a huge runed translucent gate.
  5313 | D:8      | Found a huge runed translucent gate.
  5314 | D:8      | Found a huge runed translucent gate.
  5614 | D:8      | Found a runed translucent door.
  5614 | D:8      | Noticed a cyclops
  5614 | D:8      | Noticed NateTC's ghost (novice HOMo)
  5845 | D:9      | Found a flagged portal.
  5855 | Bailey   | Entered a bailey
  5904 | D:9      | Reached skill level 5 in Fighting
  6050 | D:9      | Noticed a moth of wrath
  6050 | D:9      | Noticed Foxy's ghost (novice TrGl)
  6053 | D:9      | Found a transporter.
  6058 | D:9      | Noticed a tengu warrior
  6059 | D:9      | Found a bloodstained altar of Trog.
  6083 | D:9      | Found a transporter.
  6644 | D:9      | Noticed a two-headed ogre
  6787 | D:10     | Entered Level 10 of the Dungeon
  6882 | D:10     | Noticed Psyche
  6897 | D:10     | Killed Psyche
  7035 | D:10     | Reached XP level 11. HP: 93/104 MP: 11/11
  7053 | D:10     | Reached skill level 5 in Dodging
  7185 | D:10     | Noticed a death yak
  7209 | D:10     | Found a staircase to the Lair.
  7217 | D:10     | Reached skill level 12 in Unarmed Combat
  7255 | D:10     | Killed a death yak
  7483 | Lair:1   | Entered Level 1 of the Lair of Beasts
  7805 | Lair:1   | Noticed Amaemon
  7821 | Lair:1   | Killed Amaemon
  8438 | Lair:2   | Reached skill level 13 in Unarmed Combat
  8493 | Lair:2   | Found a blossoming altar of Fedhas.
  8570 | Lair:2   | Reached XP level 12. HP: 86/118 MP: 12/12
  9507 | Lair:3   | Found a transporter.
  9509 | Lair:3   | Found a transporter.
  9510 | Lair:3   | Noticed Foxy's ghost (journeyman TrBr)
  9905 | Lair:3   | Identified the ring "Axaweaqi" {rC+ Will+}
 10266 | Lair:4   | Noticed a five-headed hydra
 10279 | Lair:4   | Killed a five-headed hydra
 10307 | Lair:4   | Noticed Josephine
 10312 | Lair:4   | Killed Josephine
 10394 | Lair:4   | Reached skill level 14 in Unarmed Combat
 10544 | Lair:4   | Noticed Snorg
 10636 | Lair:4   | Killed Snorg
 10734 | Lair:4   | Noticed Nessos
 10744 | Lair:4   | Killed Nessos
 11031 | Lair:4   | Found a staircase to the Shoals.
 11456 | Lair:4   | Reached XP level 13. HP: 110/131 MP: 13/13
 11495 | Lair:4   | Found a staircase to the Snake Pit.
 11971 | Lair:5   | Found a transporter.
 12106 | Lair:5   | Found a transporter.
 12434 | Lair:5   | Found a staircase to the Slime Pits.
 12588 | Lair:6   | Entered Level 6 of the Lair of Beasts
 12994 | Lair:6   | Reached skill level 15 in Unarmed Combat
 12995 | Lair:6   | Reached skill level 10 in Fighting
 13151 | Lair:6   | Found a shimmering blue altar of Sif Muna.
 13230 | Lair:6   | Found a runed translucent door.
 13356 | Lair:6   | Reached skill level 10 in Dodging
 13420 | Lair:6   | Found a burning altar of Makhleb.
 13557 | Lair:6   | Found a gateway to Hell.
 13564 | Lair:6   | Identified the +3 leather armour of Solemn Awe {Drain rC+++
                  | Str-2 SInv}
 13631 | Lair:6   | Noticed a dire elephant
 13642 | Lair:6   | Killed a dire elephant
 13737 | Lair:6   | Reached XP level 14. HP: 144/144 MP: 14/14
 13779 | Lair:6   | Noticed freelancePsychic's ghost (journeyman FoEE)
 13951 | Slime:1  | Entered Level 1 of the Pits of Slime
 13951 | Slime:1  | Noticed an acid blob
 13952 | Slime:1  | Noticed an acid blob
 13970 | Slime:1  | HP: 7/144 [acid blob/splash of acid (24)]
 14658 | D:11     | Found a staircase to the Orcish Mines.
 15117 | Slime:1  | Gained mutation: You have a pair of small antennae on your
                  | head. [a shining eye]
 15118 | Slime:1  | Gained mutation: You are frail. (-10% HP) [a shining eye]
 15121 | Slime:1  | Gained mutation: Your spells are a little easier to cast,
                  | but a little less powerful. [a shining eye]
 15124 | Slime:1  | Gained mutation: You are very frail. (-20% HP) [a shining
                  | eye]
 15125 | Slime:1  | Noticed a rockslime
 15126 | Slime:1  | Noticed an acid blob
 15128 | Slime:1  | Demolished by an acid blob

Illustrated notes

Levels and vault maps discovered:
D:1:      amcnicky_arrival_gap_in_the_tavern_cellar, layout_basic
D:2:      layout_basic, basic_altar, shapermc_ecumenical_altar_starsandcircs
D:3:      layout_basic, nicolae_overflow_crystal_walls
D:4:      layout_loops_cross, chequers_serial_rivers_micro_e, uniq_eustachio,
          uniq_grinder, uniq_natasha, uniq_pikel
D:5:      layout_cave_pools, mainiacjoe_overflow_divided_tiny
D:6:      minmay_angry_zag, layout_loops_ring, minmay_puff
D:7:      layout_cave_pools, temple_green, minivault_5,
          minmay_unpleasant_kobolds
D:8:      lemuel_bear_cage, layout_gridville, serial_shops, shop,
          ebering_ghost_inner_flame
D:9:      layout_loops_corners, gammafunk_ghost_wrathful_warriors,
          enter_bailey_2
D:10:     layout_roguey, david_lair_generic, uniq_psyche
D:11:     layout_gridville, kennysheep_orc_monster_closet_entryway
Temple:   mainiacjoe_temple_bowtie_tessellation
Lair:1:   layout_loops_ring, grunt_megastairs_3, uniq_amaemon
Lair:2:   layout_cellular_growth, basic_altar
Lair:3:   layout_roguey, gammafunk_ghost_hive, serial_bayou_shore_b,
          grunt_megastairs_4, lemuel_fruit_fields
Lair:4:   layout_layer_cave, shoals_dummy_entry, guppyfry_snake_entry_garden,
          kilobyte_rumbling_trees, uniq_snorg, uniq_nessos, uniq_josephine
Lair:5:   gammafunk_cloud_chamber, layout_loops_ring, dpeg_slime_entry_corner,
          patterned_corridor
Lair:6:   evil_forest, layout_loops_ring, basic_altar,
          ebering_ghost_reflecting_pool
Slime:1:  layout_caves

Skill      XL: |  1  2  3  4  5  6  7  8  9 10 11 12 13 |
---------------+----------------------------------------+-----
Unarmed Combat | 4 6 8 9 10 11 13 14 15 | 15.8
Throwing       | 4 6 |  6.0
Evocations     | 2 5 |  5.0
Dodging        | 2 4 6 8 10 | 10.5
Fighting       | 3 5 7 9 10 | 10.9
Spellcasting   | |  1.0
Fire Magic     | |  2.1

Action                   |  1- 3 |  4- 6 |  7- 9 | 10-12 | 13-15 || total
-------------------------+-------+-------+-------+-------+-------++-------
Melee: Unarmed           |    87 |    43 |   213 |   644 |   387 ||  1374
       Punch             |       |     1 |     8 |    45 |    26 ||    80
Throw: Dart              |       |       |     9 |    58 |     1 ||    68
       Throwing net      |       |       |       |     2 |     1 ||     3
       Boomerang         |       |       |       |     1 |       ||     1
Invok: Fiery Armour      |       |     1 |       |     5 |     4 ||    10
       Foxfire Swarm     |       |       |       |     1 |     1 ||     2
Evoke: Wand              |       |       |     9 |    15 |     6 ||    30
       Tin of tremorston |       |       |       |     2 |     2 ||     4
  Use: Scroll            |       |       |     7 |    10 |     4 ||    21
       Potion            |       |       |       |     1 |     4 ||     5
 Stab: Paralysed         |       |       |    11 |     3 |       ||    14
       Distracted        |       |       |     1 |       |       ||     1
Armor: Robe              |    27 |     6 |    35 |   152 |       ||   220
       Troll leather arm |       |       |       |     9 |   168 ||   177
Dodge: Dodged            |    27 |     5 |    99 |   337 |   274 ||   742

Table legend: (Time is in decaauts)
 A = Elapsed time spent in this place.
 B = Non-inter-level travel time spent in this place.
 C = Inter-level travel time spent in this place.
 D = Time resting spent in this place.
 E = Time spent auto-exploring this place.
 F = Levels seen in this place.
 G = Mean time per level.
                   A        B        C        D        E       F      G
               +--------+--------+--------+--------+--------+-----+--------+
         Total |  14819 |  13849 |    970 |    788 |   9620 |  20 |  741.0 |
       Dungeon |   7892 |   7509 |    383 |    230 |   5280 |  11 |  717.5 |
        Temple |    127 |     98 |     29 |     55 |     37 |   1 |  127.0 |
          Lair |   6767 |   6210 |    557 |    502 |   4303 |   6 | 1127.8 |
    Slime Pits |     26 |     26 |      0 |      0 |      0 |   1 |   26.0 |
        Bailey |      4 |      4 |      0 |      0 |      0 |   1 |    4.0 |
               +--------+--------+--------+--------+--------+-----+--------+

Top non-repeatable levels by time:
  Lair:4: 1598 daAuts
  Lair:6: 1212 daAuts
     D:6: 1160 daAuts
  Lair:5: 1077 daAuts
  Lair:1: 977 daAuts
  Lair:3: 959 daAuts
  Lair:2: 942 daAuts
     D:9: 933 daAuts
     D:8: 830 daAuts
     D:4: 788 daAuts
    D:10: 762 daAuts
     D:7: 739 daAuts
     D:2: 565 daAuts
    D:11: 561 daAuts
     D:3: 532 daAuts
